 Dungeon Crawl Stone Soup version 0.18.1-50-g88ac8fd (webtiles) character file.

529 epen the Insei (level 7, -7/56 HPs)
             Began as a Merfolk Monk on Sept 15, 2016.
             Was a Follower of Ru.
             Killed from afar by Dowan (20 damage)
             ... with a shard of ice
             ... on level 4 of the Dungeon.
             The game lasted 00:03:43 (3008 turns).

epen the Insei (Merfolk Monk)                       Turns: 3008, Time: 00:03:43

Health: -7/56      AC:  7    Str: 12    XL:     7   Next: 23%
Magic:  7/7        EV: 16    Int: 10    God:    Ru [*.....]
Gold:   150        SH:  0    Dex: 17    Spells: 0 memorised, 6 levels left

rFire  . . .     SeeInvis .       - Unarmed
rCold  . . .     Gourm    .     k - +2 leather armour {rPois}
rNeg   . . .     Faith    .     (no shield)
rPois  +         Spirit   .     (no helmet)
rElec  .         Dismiss  .     p - +1 cloak
rCorr  .         Reflect  .     (no gloves)
SustAt .         Harm     .     (no boots)
MR     .....                    (no amulet)
Stlth  ++........               (no ring)
                                (no ring)

@: not resistant to hostile enchantments, unstealthy
A: change form in water, swift swim, hated by all
a: Renounce Religion


You were on level 4 of the Dungeon.
You worshipped Ru.
Ru was aware of your devotion.
You were hungry.

You visited 1 branch of the dungeon, and saw 4 of its levels.

You collected 150 gold pieces.

Inventory:

Armour
 a - a +0 robe
 f - a +0 ring mail
 k - a +2 leather armour of poison resistance (worn)
 p - a +1 cloak (worn)
Scrolls
 c - a scroll of immolation {unknown}
 d - 6 scrolls of identify {unknown}
 h - a scroll of enchant weapon {unknown}
 i - a scroll of teleportation {unknown}
 j - a scroll of magic mapping {unknown}
 q - 2 scrolls of noise {unknown}
Potions
 e - 3 potions of curing
 g - a potion of lignification {unknown}
 o - 3 potions of heal wounds {unknown}
 r - a potion of flight {unknown}
Comestibles
 b - 3 bread rations
 l - a slice of pizza
 m - a meat ration


   Skills:
 + Level 5.2 Fighting
 + Level 6.4 Dodging
 - Level 2.1 Stealth
 * Level 7.2 Unarmed Combat


You had 6 spell levels left.
You didn't know any spells.

Dungeon Overview and Level Annotations

Branches:
Dungeon (4/15)
 Temple: D:4-7

Altars:
Ru

Annotations:
D:4 Dowan


Innate Abilities, Weirdness & Mutations

You revert to your normal form in water.
You are very nimble and swift while swimming.
You are hated by all.


Message History

Dowan hits you but does no damage.
You punch Duvessa!
Duvessa is almost dead.
Duvessa barely misses you.
The orc jeers loudly.
The orc completely misses you. Dowan closely misses you.
Duvessa hits you with a short sword.
* * * LOW HITPOINT WARNING * * *
You barely miss Duvessa.
Duvessa is almost dead.
Duvessa is stunned by your will and fails to attack.
You punch Duvessa!
You kill Duvessa!
Dowan's eyes darken. "You have made a black mistake."
Dowan seems to find hidden reserves of power!
Your Unarmed Combat skill increases to level 7!
You have reached level 7!
Dowan casts a spell at you. The shard of ice hits you!
You die...

#.# #.. ##.....## #.# #..
######.......## #.# #..
... .........# #)# #.#
#.##.......# ###.###.#
##...$.....# #........
#.......$.# #.#.###.#
##....o...# #.#.# #..
##.....)@..######.#.# ###
........e.........#.#
...........########.#
..<........########.#####
..".....>................
#%#.....##..........#####
##.....##############
##.### #.#


You could see Dowan and an orc.

Vanquished Creatures
  Sigmund (D:2)
  Duvessa (D:4)
  Blork the orc (D:4)
  A hound (D:4)
  Jessica (D:3)
  5 adders
  A gnoll (D:1)
  2 oozes
  A worm (D:2)
  2 giant geckos (D:3)
  8 orcs
  3 ball pythons
  9 bats
  A giant cockroach (D:3)
  9 goblins
  4 hobgoblins
  9 jackals
  A quokka (D:3)
  4 giant newts
  9 kobolds
  3 rats
76 creatures vanquished.

Vanquished Creatures (others)
  5 toadstools (D:1)
5 creatures vanquished.

Grand Total: 81 creatures vanquished

Notes
Turn   | Place    | Note
--------------------------------------------------------------
     0 | D:1      | epen the Merfolk Monk began the quest for the Orb.
     0 | D:1      | Reached XP level 1. HP: 18/18 MP: 1/1
   234 | D:1      | Reached XP level 2. HP: 19/24 MP: 2/2
   587 | D:1      | Reached XP level 3. HP: 29/30 MP: 3/3
   626 | D:1      | Reached skill level 5 in Unarmed Combat
  1048 | D:2      | Found a faded altar to an unknown god.
  1401 | D:2      | Found a sacrificial altar of Ru.
  1419 | D:2      | Became a worshipper of Ru the Awakened
  1426 | D:2      | Gained mutation: You are hated by all. [Ru sacrifice]
  1426 | D:2      | Reached * piety under Ru
  1485 | D:2      | Noticed Sigmund
  1560 | D:2      | Killed Sigmund
  1560 | D:2      | Reached skill level 5 in Dodging
  1560 | D:2      | Reached skill level 6 in Unarmed Combat
  1560 | D:2      | Reached XP level 4. HP: 14/38 MP: 4/4
  1560 | D:2      | Reached XP level 5. HP: 16/43 MP: 5/5
  1957 | D:2      | Reached XP level 6. HP: 49/49 MP: 6/6
  2335 | D:3      | Noticed Jessica
  2350 | D:3      | Killed Jessica
  2759 | D:4      | Noticed Dowan
  2776 | D:4      | Noticed Blork the orc
  2784 | D:4      | Noticed Duvessa
  2965 | D:4      | Killed Blork the orc
  2965 | D:4      | Reached skill level 5 in Fighting
  3008 | D:4      | Killed Duvessa
  3008 | D:4      | Reached skill level 7 in Unarmed Combat
  3008 | D:4      | Reached XP level 7. HP: 13/56 MP: 7/7
  3008 | D:4      | Killed from afar by Dowan

Skill      XL: |  1  2  3  4  5  6 |
---------------+-------------------+-----
Unarmed Combat | 6 7 |  7.2
Fighting       | 4 5 |  5.2
Dodging        | 5 6 |  6.4
Stealth        | |  2.1

Action                   |  1- 3 |  4- 6 |  7- 9 || total
-------------------------+-------+-------+-------++-------
Melee: Unarmed           |   111 |   163 |       ||   274
       Punch             |     2 |     6 |       ||     8
Invok: Sacrifice Love    |     1 |       |       ||     1
 Stab: Sleeping          |     3 |     4 |       ||     7
       Paralysed         |     2 |       |       ||     2
       Distracted        |     1 |     2 |       ||     3
  Eat: Chunk             |     2 |     4 |       ||     6
Armor: Robe              |     6 |       |       ||     6
       Leather armour    |    13 |    38 |       ||    51
       Ring mail         |     4 |       |       ||     4
Dodge: Dodged            |    65 |   108 |       ||   173
